 Dungeon Crawl Stone Soup version 0.14.1-26-g5a19342 (webtiles) character file.

963 Kae the Ruinous (level 7, -3/36 HPs)
             Began as a Tengu Fire Elementalist on July 24, 2014.
             Was a Believer of Sif Muna.
             Slain by an ice beast (8 damage)
             ... on Level 5 of the Dungeon.
             The game lasted 00:06:22 (4044 turns).

Kae the Ruinous (Tengu Fire Elementalist)           Turns: 4044, Time: 00:06:23

HP  -3/36        AC  4     Str  8      XL: 7   Next: 75%
MP   9/17        EV 12     Int 22      God: Sif Muna [**....]
Gold 223         SH  0     Dex 14      Spells:  3 memorised,  7 levels left

rFire  . . .     SeeInvis .     (no weapon)
rCold  . . .     Clarity  .     a - +0 robe
rNeg   + . .     Conserve .     (no shield)
rPois  +         rCorr    .     (helmet restricted)
rElec  .         rRot     .     h - +1 cloak
SustAb . .       Spirit   .     (no gloves)
rMut   .         Warding  +     (boots unavailable)
Saprov . . .     Stasis   .     r - amulet of warding {unknown}
MR     .....                    s - +4 ring of intelligence
                                k - ring of poison resistance

@: not resistant to hostile enchantments, fairly stealthy
A: able to fly, beak, talons 3
a: Fly, Channel Energy, Forget Spell, Renounce Religion


You were on level 5 of the Dungeon.
You worshipped Sif Muna.
Sif Muna was pleased with you.
You were hungry.

You visited 1 branch of the dungeon, and saw 5 of its levels.

You collected 223 gold pieces.

Inventory:

Armour
 a - a +0 robe (worn)
 h - a +1 cloak (worn)
Magical devices
 C - a wand of magic darts (14) {unknown}
Comestibles
 c - 5 bread rations
 d - 2 meat rations
 f - a lemon
 i - a lychee
 F - a choko
 I - 13 grapes
Scrolls
 e - 7 scrolls of identify
 g - 2 scrolls of recharging {unknown}
 n - 3 scrolls of magic mapping {unknown}
 p - a scroll of amnesia {unknown}
 w - 2 scrolls of teleportation
 y - 3 scrolls of remove curse
 A - 3 scrolls of enchant armour {unknown}
 B - 2 scrolls of noise {unknown}
 H - a scroll of enchant weapon II {unknown}
Jewellery
 k - a ring of poison resistance (left hand)
 r - an amulet of warding (around neck) {unknown}
 s - a +4 ring of intelligence (right hand)
 t - an uncursed ring of hunger {unknown}
Potions
 j - a potion of might {unknown}
 m - a potion of lignification {unknown}
 o - 3 potions of heal wounds {unknown}
 q - a potion of curing {unknown}
 u - 2 potions of agility {unknown}
 v - a potion of paralysis {unknown}
 x - a potion of berserk rage {unknown}
 z - a potion of mutation {unknown}
 D - a potion of restore abilities {unknown}
 J - a potion of brilliance {unknown}
Books
 b - a book of Flames

   Spells                             Type                      Level
   *Flame Tongue                      Conjuration/Fire             1
   *Throw Flame                       Conjuration/Fire             2
   *Conjure Flame                     Conjuration/Fire             3
   Inner Flame                        Hexes/Fire                   3
   Sticky Flame                       Conjuration/Fire             4
   Fireball                           Conjuration/Fire             5


   Skills:
 - Level 2.1 Dodging
 - Level 2.0 Stealth
 + Level 3.6 Spellcasting
 * Level 7.0 Conjurations
 * Level 6.7 Fire Magic


You had 7 spell levels left.
You knew the following spells:

 Your Spells              Type           Power        Failure   Level  Hunger
a - Flame Tongue          Conj/Fire      ####.        1%          1    None
b - Throw Flame           Conj/Fire      ####..       1%          2    #......
c - Conjure Flame         Conj/Fire      ####....     1%          3    ###....


Dungeon Overview and Level Annotations

Branches:
Dungeon (5/15)
 Temple: D:4-7

Altars:
Ashenzari
Cheibriados
Sif Muna

Shops:
D:5 (


Innate Abilities, Weirdness & Mutations

You can fly.
You have a beak for a mouth.
You have claws for feet.


Message History

Confirm with . or Enter, or press ? or * to list all spells.
Aiming: Flame Tongue
Press: ? - help, Shift-Dir - straight line, f/p - ice beast
Aim: an ice beast (almost dead)
The flame tongue hits the ice beast.
The ice beast appears unharmed.
The ice beast is almost dead.
The ice beast hits you. The ice beast freezes you!
* * * LOW HITPOINT WARNING * * *
One of your 2 cyan potions freezes and shatters!
Casting: Flame Tongue
Confirm with . or Enter, or press ? or * to list all spells.
Aiming: Flame Tongue
Press: ? - help, Shift-Dir - straight line, f/p - ice beast
Aim: an ice beast (almost dead)
The flame tongue hits the ice beast.
The ice beast appears unharmed.
The ice beast is almost dead.
The ice beast hits you.
* * * LOW HITPOINT WARNING * * *
The ice beast freezes you!
You die...

.# .# .###... .......
#####.# . ....#
########### (.. ....#
#>......>.##.... ....#
#..............# ....#
#.......@I.....#
....#####..............#
................>......#
########################


You could see an ice beast.

Vanquished Creatures
  A phantom (D:5)
  A jelly (D:4)
  A hound (D:4)
  Crazy Yiuf (D:3)
  2 iguanas (D:4)
  4 orc priests
  3 orc wizards (D:4)
  3 worker ants (D:4)
  Ijyb (D:4)
  10 adders
  2 giant mites
  2 worms
  A giant eyeball (D:4)
  9 orcs
  2 ball pythons (D:1)
  A bat skeleton (D:4)
  3 giant cockroaches
  11 hobgoblins
  4 jackals (D:3)
  13 bats
  5 giant geckos
  2 giant newts
  9 goblins
  11 kobolds
  9 rats
111 creatures vanquished.

Notes
Turn   | Place    | Note
--------------------------------------------------------------
     0 | D:1      | Kae, the Tengu Fire Elementalist, began the quest for the Orb.
     0 | D:1      | Reached XP level 1. HP: 10/10 MP: 3/3
   241 | D:1      | Reached XP level 2. HP: 13/15 MP: 3/5
   636 | D:1      | Reached XP level 3. HP: 15/19 MP: 2/7
   802 | D:2      | Found a deep blue altar of Sif Muna.
   811 | D:2      | Became a worshipper of Sif Muna the Loreminder
   844 | D:2      | Reached skill level 4 in Fire Magic
  1015 | D:2      | Found a snail-covered altar of Cheibriados.
  1147 | D:2      | Reached XP level 4. HP: 21/24 MP: 5/8
  1164 | D:2      | Found a shattered altar of Ashenzari.
  1495 | D:3      | Noticed Crazy Yiuf
  1532 | D:3      | Learned a level 2 spell: Throw Flame
  1536 | D:3      | Learned a level 3 spell: Conjure Flame
  1713 | D:3      | Reached XP level 5. HP: 28/28 MP: 2/11
  1942 | D:3      | Reached skill level 5 in Fire Magic
  2363 | D:3      | Reached XP level 6. HP: 28/32 MP: 4/13
  2551 | D:3      | Killed Crazy Yiuf
  2634 | D:3      | Reached skill level 5 in Conjurations
  2784 | D:3      | Acquired Sif Muna's first power
  3267 | D:4      | Reached skill level 6 in Fire Magic
  3287 | D:4      | Reached XP level 7. HP: 34/36 MP: 10/16
  3521 | D:4      | Noticed Ijyb
  3527 | D:4      | Killed Ijyb
  3899 | D:5      | Entered Level 5 of the Dungeon
  3908 | D:5      | Acquired Sif Muna's second power
  3908 | D:5      | Reached skill level 7 in Conjurations
  4008 | D:5      | Found Axair's Weapon Shoppe.
  4044 | D:5      | Slain by an ice beast

Action                   |  1- 3 |  4- 6 |  7- 9 || total
-------------------------+-------+-------+-------++-------
Melee: Unarmed           |    62 |    38 |     9 ||   109
 Cast: Flame Tongue      |    52 |   115 |    59 ||   226
       Throw Flame       |       |    16 |     7 ||    23
       Conjure Flame     |       |     2 |       ||     2
  Use: Scroll            |     5 |       |       ||     5
